 Dungeon Crawl Stone Soup version 0.24-a0-416-g56ce5178b7 (webtiles) character file.

Game seed: 12236954789079686728

1792 Amnesiac the Spear-Bearer (level 9, 0/61 HPs)
             Began as a Merfolk Skald on June 8, 2019.
             Was an Initiate of Gozag.
             Slain by a centaur (9 damage)
             ... on level 7 of the Dungeon.
             The game lasted 00:13:28 (6285 turns).

Amnesiac the Spear-Bearer (Merfolk Skald)           Turns: 6285, Time: 00:13:29

Health: 0/61       AC:  9    Str: 14    XL:     9   Next: 9%
Magic:  3/12       EV: 13    Int: 12    God:    Gozag
Gold:   705        SH:  3    Dex: 14    Spells: 5/12 levels left

rFire    . . .     SeeInvis .   a - +0 spear
rCold    . . .     Gourm    .   p - +0 buckler
rNeg     . . .     Faith    .   l - +0 ring mail
rPois    .         Spirit   .   (no helmet)
rElec    .         Reflect  .   f - +0 cloak
rCorr    .         Harm     +   (no gloves)
MR       .....                  (no boots)
Stlth    +.........             r - amulet of harm
HPRegen  0.60/turn              m - +3 ring of protection
MPRegen  0.13/turn              (no ring)

@: no status effects
A: change form in water, swift swim, stealthy swim, mutation resistance 1,
regeneration 1, no potion heal 1
a: Potion Petition, Call Merchant, Bribe Branch, Renounce Religion


You were on level 7 of the Dungeon.
You worshipped Gozag.
Gozag was pleased with you.
You were not hungry.

You visited 2 branches of the dungeon, and saw 8 of its levels.

You collected 788 gold pieces.
You paid 83 gold pieces to Gozag.

Inventory:

Hand Weapons
 a - a +0 spear (weapon)
Missiles
 o - 16 poisoned darts (quivered)
Armour
 f - a +0 cloak (worn)
 l - a +0 ring mail (worn)
 p - a +0 buckler (worn)
Jewellery
 m - a +3 ring of protection (left hand)
 r - an amulet of harm (around neck)
 A - an uncursed ring of wizardry {unknown}
Wands
 h - a wand of random effects (15)
 s - a wand of iceblast (10)
 y - a wand of scattershot (6)
Scrolls
 c - a scroll of enchant weapon {!r, unknown}
 i - 2 scrolls of remove curse {!r, unknown}
 j - 2 scrolls of fog {!r, unknown}
 x - 2 scrolls of identify {!r}
 z - a scroll of magic mapping {!r, unknown}
 B - a scroll of amnesia {!r, unknown}
Potions
 b - a potion of brilliance {!q}
 e - a potion of magic {!q}
 g - a potion of flight {!q, unknown}
 k - a potion of invisibility {!q, unknown}
 n - 3 potions of mutation {!q}
 q - a potion of agility {!q}
 u - a potion of degeneration {!q}
 v - a potion of lignification {!q, unknown}
 w - a potion of might {!q}
Comestibles
 d - 11 rations


   Skills:
 - Level 2.1 Fighting
 + Level 12.5 Polearms
 - Level 0.6 Armour
 * Level 6.2 Dodging
 - Level 2.0 Spellcasting
 + Level 4.3 Hexes
 + Level 4.6 Charms
 + Level 0.8 Evocations


You had 5 spell levels left.
You knew the following spells:

 Your Spells              Type           Power        Failure   Level  Hunger
a - Infusion              Chrm           ##..         14%         1    ##.....
b - Spectral Weapon       Hex/Chrm       ##......     41%         3    ####...
r - Regeneration          Chrm/Necr      #.........   71%         3    ####...

Your spell library contained the following spells:

 Spells                   Type           Power        Failure   Level  Hunger
 Song of Slaying          Chrm           ##......     21%         2    ###....
 Shroud of Golubria       Chrm/Tloc      #.....       47%         2    ###....
 Flame Tongue             Conj/Fire      #....        67%         1    ##.....
 Inner Flame              Hex/Fire       #.......     75%         3    ####...
 Throw Flame              Conj/Fire      #.....       80%         2    ###....
 Conjure Flame            Conj/Fire      #.......     95%         3    ####...
 Sticky Flame             Conj/Fire      #.......     100%        4    #####..
 Fireball                 Conj/Fire      #.........   100%        5    ######.


Dungeon Overview and Level Annotations

Branches:
Dungeon (7/15)             Temple (1/1) D:4

Altars:
Ashenzari
Cheibriados
Dithmenos
Elyvilon
Fedhas
Gozag
Hepliaklqana
Kikubaaqudgha
Makhleb
Nemelex Xobeh
Okawaru
Qazlal
Ru
Sif Muna
Trog
Uskayaw
Vehumet
Wu Jian
Xom
Yredelemnul
The Shining One


Innate Abilities, Weirdness & Mutations

You revert to your normal form in water You are very nimble and swift while swimming.
You are very stealthy in the water. (Stealth+)
You are somewhat resistant to further mutation.
Your natural rate of healing is unusually fast.
Potions are less effective at restoring your health.


Message History

The hound closely misses your spectral weapon.
The hound barely misses your spectral weapon.
The crimson imp becomes distracted by the nearby gold, dreaming of imaginary riches.
Attack whom?
Press: ? - help, Dir - move target cursor, f - kobold
Aim: a kobold, wielding a +0 dagger
Okay, then.
You swap places.
You feel sick.
The hound becomes distracted by the nearby gold, dreaming of imaginary riches.
You miss the hound.
The hound is no longer distracted by gold.
The hound bites you but does no damage.
The centaur wields a +0 shortbow.
The centaur shoots an arrow.
The arrow hits your spectral weapon.
You hear a shout!
You hit the hound.
The hound is moderately wounded.
You feel sick. The hound bites you.
* * * LOW HITPOINT WARNING * * *
You hit the hound.
The hound is heavily wounded.
You kill the hound!
You swap places. 2 kobolds and a centaur come into view.
You feel sick.
The centaur shouts!
The kobold shouts! x2
The kobold is no longer distracted by gold.
The centaur becomes distracted by the nearby gold, dreaming of imaginary riches.
The kobold becomes distracted by the nearby gold, dreaming of imaginary riches.
You see here an arrow.
The centaur shouts!
The kobold shouts!
You hit the kobold.
The kobold is severely wounded.
The crimson imp is no longer distracted by gold.
You kill the kobold!
An eye of draining comes into view.
The eye of draining turns its gaze towards you.
You hit the centaur.
The centaur is lightly wounded.
You feel sick.
The centaur unwields a +0 shortbow.
The centaur closely misses you.
You hit the centaur.
The centaur is severely wounded.
The centaur hits you.
* * * LOW HITPOINT WARNING * * *
You barely miss the centaur.
The centaur is severely wounded.
The kobold becomes distracted by the nearby gold, dreaming of imaginary riches.
The crimson imp becomes distracted by the nearby gold, dreaming of imaginary riches.
You barely miss the centaur.
The centaur is severely wounded.
You feel sick. The centaur hits you!
* * * LOW HITPOINT WARNING * * *
The eye of draining gazes at you.
You feel your power leaking away.
Really quaff
t - a potion of curing {!q}?
Your system partially rejects the healing.
You feel better.
The centaur is no longer distracted by gold.
The centaur hits you.
* * * LOW HITPOINT WARNING * * *
A big kobold comes into view.
The centaur hits you!
You die...
Your body crumbles into a pile of gold.

#. ..##. .# #K...
K#.#Gc. . .K. #..%.
.####.#5# .......$#
#. #.#c# #.##.#
#.#@# #.##.####.#(#
#.##....#.#$#
#.##....#.#.#
#####.##........#
#.............#.#
##.###.##.##.###.#
..........#...##.###
##.###..............


You could see an eye of draining, a big kobold, 2 centaurs, a crimson imp
(unaware), 2 kobolds and a friendly spectral +0 spear.

Vanquished Creatures
  Pikel (D:5)
  Grinder (D:3)
  Prince Ribbit (D:5)
  2 slaves (D:5)
  2 scorpions
  5 killer bees (D:7)
  A howler monkey (D:6)
  3 crimson imps
  A jelly (D:5)
  A hound (D:7)
  An orc priest (D:3)
  2 orc wizards (D:5)
  Jessica (D:3)
  Terence (D:3)
  3 worker ants
  A hound skeleton (D:4)
  2 worker ant zombies
  A gnoll (D:1)
  A howler monkey skeleton (D:3)
  11 adders
  An ooze (D:4)
  A worm (D:3)
  A dart slug (D:1)
  7 leopard geckos
  8 orcs
  2 ball pythons
  3 giant cockroaches
  4 hobgoblins
  17 jackals
  2 quokkas
  4 bats
  3 frilled lizards
  6 goblins
  10 kobolds
  A leopard gecko skeleton (D:5)
  5 rats
117 creatures vanquished.

Vanquished Creatures (others)
  An adder (D:5)
  An orc (D:5)
  A quokka (D:5)
  A spectral weapon (D:7)
4 creatures vanquished.

Grand Total: 121 creatures vanquished

Notes
Turn   | Place    | Note
-------+----------+-------------------------------------------
     0 | D:1      | Amnesiac the Merfolk Skald began the quest for the Orb.
     0 | D:1      | Reached XP level 1. HP: 16/16 MP: 3/3
     1 | D:1      | Noticed an electric eel
   128 | D:1      | Reached skill level 4 in Polearms
   128 | D:1      | Reached XP level 2. HP: 14/22 MP: 5/5
   290 | D:3      | Found a shadowy altar of Dithmenos.
   363 | D:4      | Reached skill level 5 in Polearms
   363 | D:4      | Reached XP level 3. HP: 16/27 MP: 6/6
   369 | D:4      | Learned a level 3 spell: Spectral Weapon
   855 | D:4      | Reached XP level 4. HP: 33/33 MP: 3/7
   922 | D:4      | Reached skill level 6 in Polearms
   922 | D:4      | Reached skill level 1 in Hexes
  1002 | D:4      | Found a staircase to the Ecumenical Temple.
  1040 | Temple   | Entered the Ecumenical Temple
  2065 | Temple   | Became a worshipper of Gozag Ym Sagoz the Greedy
  2107 | D:3      | Reached XP level 5. HP: 32/38 MP: 8/8
  2176 | D:3      | Noticed Jessica
  2220 | D:3      | Reached skill level 7 in Polearms
  2224 | D:3      | Killed Jessica
  2243 | D:3      | Noticed Grinder
  2245 | D:3      | Paralysed by Grinder for 2 turns
  2255 | D:3      | Killed Grinder
  2255 | D:3      | Reached skill level 8 in Polearms
  2255 | D:3      | Reached XP level 6. HP: 19/44 MP: 3/9
  2672 | D:2      | Found a shimmering altar of Xom.
  2673 | D:2      | Found a glowing golden altar of the Shining One.
  2674 | D:2      | Found an iron altar of Okawaru.
  2674 | D:2      | Found a blossoming altar of Fedhas.
  2682 | D:2      | Reached skill level 9 in Polearms
  2946 | D:1      | Reached XP level 7. HP: 50/50 MP: 10/10
  3610 | D:3      | Noticed Terence
  3634 | D:3      | Killed Terence
  4178 | D:5      | Entered Level 5 of the Dungeon
  4217 | D:5      | Reached skill level 10 in Polearms
  4292 | D:5      | Noticed Pikel
  4314 | D:5      | Gained mutation: Potions are less effective at restoring
                  | your health. [potion of mutation]
  4314 | D:5      | Gained mutation: Your natural rate of healing is unusually
                  | fast. [potion of mutation]
  4314 | D:5      | Gained mutation: You are somewhat resistant to further
                  | mutation. [potion of mutation]
  4330 | D:5      | Killed Pikel
  4330 | D:5      | Reached skill level 12 in Polearms
  4330 | D:5      | Reached XP level 8. HP: 22/56 MP: 4/11
  4429 | D:5      | Noticed Prince Ribbit
  4446 | D:5      | Killed Prince Ribbit
  5566 | D:6      | Learned a level 3 spell: Regeneration
  5665 | D:6      | Reached skill level 5 in Dodging
  5701 | D:6      | Found an ornate altar of the Wu Jian Council.
  5701 | D:6      | Found a basalt altar of Yredelemnul.
  5884 | D:6      | Found a sparkling altar of Nemelex Xobeh.
  6257 | D:7      | Reached XP level 9. HP: 44/61 MP: 9/12
  6285 | D:7      | Slain by a centaur

Levels and vault maps discovered:
D:1:      arrival_aquarium_a, layout_loops_ring, corexii_leaking_fountain
D:2:      layout_loops_ring, chequers_temple_overflow_statue_of_worship,
          minmay_misc_feat_columns
D:3:      layout_rooms, grunt_dithmenos_smoke, uniq_jessica, uniq_grinder,
          uniq_terence
D:4:      layout_cave_pools, temple_fountains,
          eino_small_chamber_without_monster
D:5:      layout_basic, first_ration, hangedman_abyss_or_decor_stagger,
          uniq_prince_ribbit1, uniq_pikel
D:6:      layout_basic, nemelex_xobeh_ov_fountains_minmay,
          amethyst_overflow_temple_binary, hangedman_decor_slide_cut
D:7:      layout_loops_ring, lemuel_coloured_pillars_altar
Temple:   eino_narrow_crystal_temple

Skill      XL: |  1  2  3  4  5  6  7  8  9 |
---------------+----------------------------+-----
Polearms       | 4 5 6 8 9 12 | 12.5
Hexes          | 1 3 4 |  4.3
Dodging        | 5 6 |  6.2
Charms         | 4 |  4.6
Fighting       | |  2.1
Armour         | |  0.6
Spellcasting   | |  2.0
Evocations     | |  0.8

Action                   |  1- 3 |  4- 6 |  7- 9 || total
-------------------------+-------+-------+-------++-------
Melee: Spear             |    95 |   249 |   378 ||   722
Throw: Dart              |       |       |    11 ||    11
 Cast: Spectral Weapon   |     3 |     2 |     7 ||    12
Evoke: Wand              |       |       |     1 ||     1
  Use: Potion            |       |     3 |     3 ||     6
       Scroll            |       |       |     3 ||     3
 Stab: Distracted        |       |       |     3 ||     3
  Eat: Chunk             |       |     4 |       ||     4
       Ration            |       |     2 |     3 ||     5
Armor: Leather armour    |    20 |    17 |       ||    37
       Ring mail         |       |    69 |    66 ||   135
Dodge: Dodged            |    57 |   128 |    82 ||   267
Block: Buckler           |       |     1 |    26 ||    27

Table legend:
 A = Non-vault XP
 B = Vault XP
 C = Vault XP percentage of total XP
 D = Non-vault monster count
 E = Vault monster count
 F = Vault count percentage of total count
                 A         B        C        D         E       F
            +---------+---------+-------+---------+---------+-------
      Total |    1350 |    1211 |  47.3 |     110 |       5 |   4.3
            +---------+---------+-------+---------+---------+-------
        D:1 |      49 |       0 |   0.0 |      21 |       0 |   0.0
        D:2 |      64 |       0 |   0.0 |      16 |       0 |   0.0
        D:3 |     111 |     350 |  75.9 |      22 |       3 |  12.0
        D:4 |     158 |       0 |   0.0 |      17 |       0 |   0.0
        D:5 |     185 |     861 |  82.3 |       8 |       2 |  20.0
        D:6 |     342 |       0 |   0.0 |      12 |       0 |   0.0
        D:7 |     430 |       0 |   0.0 |       9 |       0 |   0.0
     Temple |      11 |       0 |   0.0 |       5 |       0 |   0.0
            +---------+---------+-------+---------+---------+-------
